 Dungeon Crawl Stone Soup version 0.26.1-11-gd32895ea62 (webtiles) character file.

Game seed: 15169371124374428281

30 promet the Sneak (level 3, 0/20 HPs)
             Began as a Kobold Enchanter on June 30, 2021.
             Slain by a hobgoblin (2 damage)
             ... on level 2 of the Dungeon.
             The game lasted 00:07:38 (1729 turns).

promet the Sneak (Kobold Enchanter)                 Turns: 1729, Time: 00:07:39

Health: 0/20       AC:  3    Str:  5    XL:     3   Next: 35%
Magic:  1/6        EV: 15    Int: 17    God:
Gold:   99         SH:  0    Dex: 15    Spells: 3/6 levels left

rFire    . . .     SeeInvis .   a - +1 dagger
rCold    . . .     Faith    .   (shield restricted)
rNeg     . . .     Spirit   .   b - +0 robe
rPois    .         Reflect  .   (no helmet)
rElec    .         Harm     .   (no cloak)
rCorr    .         Rampage  .   i - +0 pair of gloves
Will     .....                  (no boots)
Stlth    ++++......             (no amulet)
HPRegen  0.06/turn              (no ring)
MPRegen  0.10/turn              (no ring)

@: no status effects
A: small, nightstalker 3
a: no special abilities


You were on level 2 of the Dungeon.
You visited 1 branch of the dungeon, and saw 2 of its levels.

You collected 99 gold pieces.

Inventory:

Hand Weapons
 a - a +1 dagger (weapon)
 d - a +0 short sword
Missiles
 e - 6 arrows
 f - 78 stones
Armour
 b - a +0 robe (worn)
 i - a +0 pair of gloves (worn)
Jewellery
 j - an uncursed amulet of faith {unknown}
Scrolls
 g - 3 scrolls of identify
Potions
 h - a potion of haste


   Skills:
 * Level 1.2 Fighting
 + Level 1.9 Short Blades
 + Level 2.5 Dodging
 + Level 4.6 Stealth
 + Level 2.3 Spellcasting
 + Level 3.2 Hexes


You had 3 spell levels left.
You knew the following spells:

 Your Spells              Type           Power        Failure   Level
a - Corona                Hex            14%          4%          1
b - Ensorcelled Hibernat  Hex/Ice        14%          14%         2

Your spell library contained the following spells:

 Spells                   Type           Power        Failure   Level
 Confusing Touch          Hex            13%          14%         3
 Tukima's Dance           Hex            13%          14%         3
 Dazzling Flash           Conj/Hex       14%          28%         3


Dungeon Overview and Level Annotations

Branches:
Dungeon (2/15)

Altars:


Innate Abilities, Weirdness & Mutations

You are small and have problems with some larger weapons.
You are completely attuned to the shadows.


Message History

* * * LOW HITPOINT WARNING * * *
The goblin barely misses you.
You hit the hobgoblin but do no damage.
The hobgoblin is almost dead.
The hobgoblin hits you but does no damage.
Casting: Ensorcelled Hibernation (safe; 14% risk of failure)
Confirm with . or Enter, or press ? or * to list all spells.
You don't have enough magic to cast that spell.
The goblin hits you with a +0 dagger.
* * * LOW HITPOINT WARNING * * *
The hobgoblin hits you but does no damage.
Casting: Ensorcelled Hibernation (safe; 14% risk of failure)
Confirm with . or Enter, or press ? or * to list all spells.
You don't have enough magic to cast that spell.
You hit the goblin.
The goblin is moderately wounded.
The goblin hits you with a +0 dagger.
* * * LOW HITPOINT WARNING * * *
The hobgoblin hits you.
You die...

######.# ####....#'#
#############..........
.......................
.......................
...##########.......#'#
...'...........g......
...#...........g@...#.#
####..................#
...........##..†..##
#####........#...##.#
..###........#...# '#
.............#...#
#.#####'##...#...# #.#
............+ #.#
............#


You could see a hobgoblin (corona) and a goblin.

Vanquished Creatures
  3 dart slugs
  6 hobgoblins (D:1)
  A jackal (D:1)
  A quokka (D:2)
  3 bats (D:1)
  2 frilled lizards (D:1)
  3 goblins (D:1)
  2 kobolds (D:1)
  3 rats
24 creatures vanquished.

Notes
Turn   | Place    | Note
-------+----------+-------------------------------------------
     0 | D:1      | promet the Kobold Enchanter began the quest for the Orb.
     0 | D:1      | Reached XP level 1. HP: 10/10 MP: 3/3
   364 | D:1      | Reached XP level 2. HP: 15/15 MP: 5/5
   380 | D:1      | Learned a level 2 spell: Ensorcelled Hibernation
   885 | D:1      | Reached XP level 3. HP: 20/20 MP: 6/6
  1136 | D:1      | Reached skill level 1 in Fighting
  1729 | D:2      | Slain by a hobgoblin

Illustrated notes

Levels and vault maps discovered:
D:1:      matt_arrival_refuge, layout_basic, minmay_cut_off
D:2:      layout_basic, lemuel_round_altar, minmay_heptomino_d4

Skill      XL: |  1  2  3 |
---------------+----------+-----
Fighting       | 1 |  1.2
Short Blades   | |  1.9
Dodging        | |  2.5
Stealth        | |  4.6
Spellcasting   | |  2.3
Hexes          | |  3.2

Action                   || total
-------------------------++-------
Melee: Dagger            ||   112
 Cast: Corona            ||     9
       Ensorcelled Hiber ||     3
  Use: Scroll            ||     4
       Potion            ||     3
 Stab: Sleeping          ||     7
Armor: Robe              ||    22
Dodge: Dodged            ||    86
